 Dungeon Crawl Stone Soup version 0.22.1-1-ga44c0e5 (webtiles) character file.

278 inc the Gouger (level 6, 28/28 HPs)
             Began as a Felid Fighter on Oct 27, 2018.
             Was a Follower of Uskayaw.
             Quit the game on level 5 of the Dungeon.
             The game lasted 00:09:27 (4379 turns).

inc the Gouger (Felid Fighter)                      Turns: 4379, Time: 00:09:29

Health: 28/28      AC:  2    Str: 12    XL:     6   Next: 5%
Magic:  16/16      EV: 19    Int: 10    God:    Uskayaw [*.....]
Gold:   260        SH:  0    Dex: 17    Spells: 5/5 levels left
                                        Lives:  1   Deaths: 1

rFire    . . .     SeeInvis +     - Unarmed
rCold    . . .     Gourm    .   (shield unavailable)
rNeg     . . .     Faith    .   (armour unavailable)
rPois    .         Spirit   .   (helmet unavailable)
rElec    .         Reflect  .   (cloak unavailable)
rCorr    .         Harm     .   (gloves unavailable)
MR       .....                  (boots unavailable)
Stlth    ++........             (no amulet)
HPRegen  0.09/turn              i - ring of magical power
MPRegen  0.15/turn              (no ring)

@: quick
A: very small, no armour, no weapons or thrown items, stealth, claws 1, fangs 3,
see invisible, carnivore, speed 1, shaggy fur 2, slow metabolism 1, sharp paws
a: Stomp, Renounce Religion


You were on level 5 of the Dungeon.
You worshipped Uskayaw.
Uskayaw was noncommittal.
You were not hungry.

You visited 2 branches of the dungeon, and saw 6 of its levels.

You collected 260 gold pieces.

Inventory:

Jewellery
 i - a ring of magical power (left paw)
Wands
 l - a wand of acid (10)
 m - a wand of digging (2)
 u - a wand of flame (23)
Scrolls
 f - 3 scrolls of magic mapping {unknown}
 g - a scroll of enchant armour {unknown}
 h - a scroll of remove curse {unknown}
 j - a scroll of identify
 k - a scroll of immolation {unknown}
 n - 2 scrolls of teleportation {unknown}
 o - a scroll of fear {unknown}
 r - a scroll of fog {unknown}
Potions
 a - 2 potions of might
 c - 2 potions of heal wounds
 d - 2 potions of berserk rage
 e - 2 potions of curing
 p - a potion of haste
 q - a potion of agility
 s - a potion of degeneration
 t - 2 potions of cancellation
Comestibles
 b - 6 rations


   Skills:
 - Level 3.0 Fighting
 - Level 4.0 Dodging
 + Level 8.6 Unarmed Combat


You had 5 spell levels left.
You didn't know any spells.
Your spell library was empty.

Dungeon Overview and Level Annotations

Branches:
Dungeon (5/15)             Temple (1/1) D:4

Altars:
Ashenzari
Cheibriados
Kikubaaqudgha
Makhleb
Nemelex Xobeh
Okawaru
Qazlal
Ru
Sif Muna
Trog
Uskayaw
Vehumet
Wu Jian
Yredelemnul
Zin
The Shining One

Annotations:
D:3 Grinder
D:4 3 runed doors, Kay's ghost, amateur DsMo
D:5 Sigmund


Innate Abilities, Weirdness & Mutations

You cannot wear armour.
You are incapable of wielding weapons or throwing items.
Your paws allow you to move quietly. (Stealth)
You have sharp claws.
You have razor-sharp teeth.
You have supernaturally acute eyesight. (SInv)
You are carnivorous and can eat meat at any time.
You cover ground quickly.
You are covered in thick fur. (AC +2)
You have a slow metabolism.
Your sharp claws are effective at attacking unaware monsters.


Message History

You feel sick.
You are no longer poisoned.
You start resting.
HP restored.
(D) Dungeon (T) Temple
Where to? (Enter - D:4 @ (x,y), ? - help)
There is a stone staircase leading down here.
You climb downwards.
An ogre comes into view. It is wielding a giant club.
The ogre shouts!
You hear a shout!
Sigmund the Dreaded comes into view.
He is wielding a scythe.
The ogre misses you.
There is a stone staircase leading up here.
The ogre hits you with a giant club!!
Ouch! That really hurt!
You stop ascending the stairs.
You die...
You are now level 6!
You rejoin the land of the living...
Are you sure you want to abandon this character and quit the game? (Confirm ############# #......@....# #.#########.#

There were no monsters in sight!

Vanquished Creatures
  A phantom (D:4)
  An ogre (D:4)
  A scorpion (D:4)
  A jelly (D:5)
  Natasha (thrice) (D:2)
  A worker ant (D:4)
  Robin (D:3)
  6 adders
  An ooze (D:4)
  An adder zombie (D:5)
  An adder skeleton (D:3)
  2 worms (D:2)
  3 dart slugs
  3 orcs
  17 bats
  6 giant cockroaches
  19 goblins
  10 hobgoblins
  8 jackals
  8 frilled lizards
  6 kobolds
  8 rats
108 creatures vanquished.

Notes
Turn   | Place    | Note
-------+----------+-------------------------------------------
     0 | D:1      | inc the Felid Fighter began the quest for the Orb.
     0 | D:1      | Reached XP level 1. HP: 10/10 MP: 2/2
   159 | D:1      | Reached XP level 2. HP: 14/14 MP: 3/3
   530 | D:1      | Reached skill level 5 in Unarmed Combat
   531 | D:1      | Reached XP level 3. HP: 7/17 MP: 4/4
  1221 | D:2      | Reached XP level 4. HP: 14/21 MP: 5/5
  1357 | D:2      | Noticed Natasha
  1370 | D:2      | Killed Natasha
  1449 | D:2      | Noticed Natasha
  1628 | D:2      | Killed Natasha
  1628 | D:2      | Reached skill level 6 in Unarmed Combat
  1976 | D:2      | Noticed Natasha
  2004 | D:2      | Killed Natasha
  2004 | D:2      | Reached XP level 5. HP: 22/24 MP: 6/6
  2578 | D:5      | Entered Level 5 of the Dungeon
  2580 | D:5      | Reached skill level 7 in Unarmed Combat
  2692 | D:3      | Found a sacrificial altar of Ru.
  2861 | D:3      | Found a radiant altar of Vehumet.
  2875 | D:3      | Found a basalt altar of Yredelemnul.
  3055 | D:3      | Noticed Robin
  3064 | D:3      | Killed Robin
  3304 | D:4      | Noticed an ogre
  3317 | D:4      | Killed an ogre
  3317 | D:4      | Gained mutation: You are covered in thick fur. (AC +2)
                  | [Felid growth]
  3317 | D:4      | Reached XP level 6. HP: 28/28 MP: 7/7
  3359 | D:4      | Reached skill level 8 in Unarmed Combat
  3611 | D:4      | Found a staircase to the Ecumenical Temple.
  3762 | Temple   | Entered the Ecumenical Temple
  3828 | Temple   | Became a worshipper of Uskayaw the Reveler
  3874 | D:3      | Noticed Grinder
  3898 | D:4      | Found a runed gate.
  3898 | D:4      | Found a runed gate.
  3898 | D:4      | Found a runed gate.
  3900 | D:4      | Noticed Kay's ghost (amateur DsMo)
  3985 | D:4      | Reached * piety under Uskayaw
  4007 | D:4      | Reached ** piety under Uskayaw
  4132 | D:5      | Reached XP level 7. HP: 31/31 MP: 8/8
  4240 | D:4      | Found an iron altar of Okawaru.
  4377 | D:5      | Noticed Sigmund
  4378 | D:5      | Slain by an ogre
  4379 | D:5      | Reached XP level 6. HP: 0/28 MP: 16/16
  4379 | D:5      | Quit the game

Skill      XL: |  1  2  3  4  5  6 |
---------------+-------------------+-----
Unarmed Combat | 5 6 7 8 |  8.6
Fighting       | |  3.0
Dodging        | |  4.0

Action                   |  1- 3 |  4- 6 |  7- 9 || total
-------------------------+-------+-------+-------++-------
Melee: Unarmed           |   113 |   159 |     4 ||   276
       Bite              |     9 |    12 |     1 ||    22
       Punch             |     2 |     6 |     1 ||     9
  Use: Scroll            |       |     6 |       ||     6
 Stab: Sleeping          |     2 |    10 |       ||    12
  Eat: Chunk             |       |     5 |       ||     5
Armor: Skin              |    10 |     8 |       ||    18
Dodge: Dodged            |   135 |    95 |     4 ||   234
